[ AOE2 MATCH · #505054915 ]
UnrankedPersians vs Spanish
Player's team · LOSS
Rival team · WIN
[ REPLAY ANALYSIS · EXTRACTED FROM THE RECORDED GAME ]
Feudal
—
Castle
—
Imperial
—
| APM avg | 31.2 |
| APM peak | 70 |
| eAPM avg | 11.7 |
| Villagers / military | 19 / 0 |
Focus
⚔️ 18.3% · 🌾 81.7%
Feudal
—
Castle
—
Imperial
—
| APM avg | 50.8 |
| APM peak | 75 |
| eAPM avg | 20.8 |
| Villagers / military | 25 / 0 |
Focus
⚔️ 31.3% · 🌾 68.7%
Fishing Ship ×5
Match map
Initial resources + every placement click. Lines = walls · curves = elevation contours. ◆ gold · ⬟ stone · ● berries · ✦ relic · ◌ wall gap
Your base
DzeDanik's base
Smoothed initial terrain · ◌ = detected wall gap · hover for details
Inputs per minute
— 日本人 - - DzeDanik
Build order — 日本人
23 actions detected in the replay
| 0:07 | Queue | Villager (Male) |
| 0:07 | Queue | Villager (Male) |
| 0:12 | Queue | Villager (Male) |
| 0:13 | Queue | Villager (Male) |
| 0:23 | Queue | Villager (Male) |
| 0:48 | Build | House |
| 1:22 | Queue | Villager (Male) |
| 2:01 | Queue | Villager (Male) |
| 2:06 | Build | House |
| 2:56 | Queue | Villager (Male) |
| 3:22 | Queue | Villager (Male) |
| 4:08 | Queue | Villager (Male) |
| 4:08 | Queue | Villager (Male) |
| 4:09 | Queue | Villager (Male) |
| 4:37 | Queue | Villager (Male) |
| 4:48 | Build | House |
| 4:58 | Queue | Villager (Male) |
| 4:58 | Queue | Villager (Male) |
| 5:24 | Queue | Villager (Male) |
| 5:24 | Queue | Villager (Male) |
| 7:29 | Build | Town Center |
| 8:35 | Queue | Villager (Male) |
| 8:35 | Queue | Villager (Male) |
Build order — DzeDanik
39 actions detected in the replay
| 0:01 | Queue | Villager (Male) ×4 |
| 0:02 | Build | House |
| 0:04 | Build | House |
| 0:07 | Build | House |
| 1:08 | Build | Lumber Camp |
| 1:32 | Queue | Villager (Male) |
| 2:03 | Queue | Villager (Male) |
| 2:27 | Queue | Villager (Male) |
| 3:01 | Queue | Villager (Male) |
| 3:22 | Queue | Villager (Male) |
| 3:50 | Queue | Villager (Male) |
| 3:54 | Build | Dock |
| 4:14 | Research | Loom |
| 4:27 | Build | House |
| 4:35 | Queue | Villager (Male) |
| 5:10 | Queue | Villager (Male) |
| 5:10 | Queue | Villager (Male) |
| 5:13 | Queue | Fishing Ship |
| 5:13 | Queue | Fishing Ship |
| 5:28 | Queue | Villager (Male) |
| 5:47 | Queue | Villager (Male) |
| 5:49 | Queue | Fishing Ship |
| 5:52 | Build | House |
| 6:15 | Queue | Villager (Male) |
| 6:16 | Queue | Villager (Male) |
| 6:19 | Queue | Fishing Ship |
| 6:36 | Queue | Villager (Male) |
| 6:41 | Build | House |
| 6:50 | Queue | Villager (Male) |
| 7:02 | Queue | Villager (Male) |
| 7:09 | Queue | Fishing Ship |
| 7:13 | Queue | Villager (Male) |
| 7:17 | Queue | Villager (Male) |
| 7:23 | Queue | Villager (Male) |
| 8:04 | Build | Lumber Camp |
| 8:05 | Queue | Villager (Male) |
| 8:34 | Queue | Villager (Male) |
| 8:39 | Research | Feudal Age |
| 8:39 | Research | Feudal Age |
Match timeline
| 3:54 | DzeDanik · first_building Dock |
[ AI ANALYSIS · 1 CREDIT ]
What really happened in this match?
Wolo.gg analyzes every decision: build order, eco, micro, common mistakes by bracket. Personalized analysis on WhatsApp or Discord in 30 seconds.
Civ guide
Persians
Perfil
Jugador #245540